 Dungeon Crawl Stone Soup version 0.26-a0-812-g31a745ddcd (webtiles) character file.

Game seed: 3054391638313138689

12875 RaHiT the Covert (level 12, -3/82 HPs)
             Began as an Octopode Delver on Nov 14, 2020.
             Was a Priest of Cheibriados.
             Slain by a wolf (9 damage)
             ... led by Grum
             ... on level 1 of the Lair of Beasts.
             The game lasted 01:21:53 (14376 turns).

RaHiT the Covert (Octopode Delver)                 Turns: 14376, Time: 01:21:57

Health: -3/82      AC:  3    Str: 23    XL:     12   Next: 0%
Magic:  27/27      EV: 19    Int: 23    God:    Cheibriados [***...]
Gold:   662        SH:  0    Dex: 20    Spells: 13/15 levels left

rFire    . . .     SeeInvis .     - Unarmed
rCold    . . .     Faith    .   (no shield)
rNeg     . . .     Spirit   .   (helmet restricted)
rPois    .         Reflect  .   (no amulet)
rElec    .         Harm     .   n - ring of magical power
rCorr    .         Rampage  .   r - +6 ring of strength
MR       .....                  y - +4 ring of slaying
Stlth    ++++++....             (no ring)
HPRegen  0.23/turn              (no ring)
MPRegen  0.20/turn              (no ring)
                                (no ring)
                                (no ring)

@: lethally poisoned (-3 -> -4), very slightly contaminated, invisible, very
slow
A: almost no armour, stealthy swim, amphibious, 8 rings, constrict 8, beak,
yellow scales 1, camouflage 1, wild magic 1, gelatinous body 1, evolution 1
a: Bend Time, Temporal Distortion, Renounce Religion


You were on level 1 of the Lair of Beasts.
You worshipped Cheibriados.
Cheibriados was most pleased with you.
You visited 3 branches of the dungeon, and saw 13 of its levels.

You collected 662 gold pieces.

Inventory:

Hand Weapons
 B - the +6 hand axe "Vasueg" {vorpal, *Contam +Fly Dex+2, unknown}
   (You found it on level 5 of the Dungeon)

   It inflicts extra damage upon your enemies.
   It affects your dexterity (+2).
   It lets you fly.
   It causes magical contamination when unequipped.
Missiles
 b - 78 sling bullets
 f - 219 stones
 h - 13 javelins
 i - 25 poisoned darts (quivered)
 l - 79 bolts
 x - 216 arrows
 F - 6 curare-tipped darts
 O - a throwing net
Armour
 j - a +2 kite shield
Jewellery
 n - a ring of magical power (left tentacle)
 r - a +6 ring of strength (right tentacle)
 y - a +4 ring of slaying (on tentacle)
Wands
 e - a wand of digging (7)
 q - a wand of paralysis (1)
 A - a wand of flame (30)
 D - a wand of acid (10)
 H - a wand of iceblast (14)
 P - a wand of disintegration (19)
Scrolls
 a - 3 scrolls of fog
 c - a scroll of identify
 g - a scroll of amnesia {unknown}
 k - 6 scrolls of remove curse
 m - 2 scrolls of immolation {unknown}
 p - 3 scrolls of teleportation
 s - a scroll of blinking
 E - 2 scrolls of enchant armour {unknown}
 K - a scroll of vulnerability {unknown}
 L - 2 scrolls of magic mapping
 M - a scroll of noise {unknown}
 N - a scroll of random uselessness {unknown}
Potions
 d - 4 potions of heal wounds
 o - 2 potions of curing
 t - a potion of might
 u - 3 potions of magic
 v - a potion of mutation
 w - a potion of ambrosia {unknown}
 C - a potion of attraction {unknown}
 G - a potion of flight {unknown}
 I - a potion of cancellation {unknown}
 J - a potion of lignification


   Skills:
 - Level 8.0 Fighting
 + Level 8.0 Throwing
 - Level 8.0 Dodging
 - Level 10.0 Stealth
 - Level 8.0 Unarmed Combat
 - Level 2.0 Spellcasting
 - Level 9.0 Invocations
 - Level 5.0 Evocations


You had 13 spell levels left.
You knew the following spells:

 Your Spells              Type           Power        Failure   Level
a - Animate Skeleton      Necr           #.....       19%         1
o - Apportation           Tloc           #.....       19%         1

Your spell library contained the following spells:

 Spells                   Type           Power        Failure   Level
 Corona                   Hex            #......      19%         1
 Pain                     Necr           #...         19%         1
 Sandblast                Erth           #.....       19%         1
 Summon Small Mammal      Summ           #...         19%         1
 Call Imp                 Summ           #.......     26%         2
 Passwall                 Tmut/Erth      #.......     26%         2
 Call Canine Familiar     Summ           #.......     45%         3
 Confusing Touch          Hex            #.......     45%         3
 Gell's Gravitas          Tloc           #.........   45%         3
 Stone Arrow              Conj/Erth      #.....       45%         3
 Summon Guardian Golem    Hex/Summ       #.......     45%         3
 Vampiric Draining        Necr           #.........   45%         3
 Animate Dead             Necr           #.........   83%         4
 Petrify                  Tmut/Erth      #.......     83%         4
 Summon Ice Beast         Ice/Summ       #.......     83%         4
 Summon Lightning Spire   Summ/Air       #.......     83%         4
 Agony                    Necr           #.......     99%         5
 Lee's Rapid Deconstruct  Erth           #.........   99%         5
 Metabolic Englaciation   Hex/Ice        #.........   99%         5
 Yara's Violent Unravell  Hex/Tmut       #.........   99%         5


Dungeon Overview and Level Annotations

Branches:
Dungeon (11/15)            Temple (1/1) D:4            Lair (1/6) D:10
    Orc: D:9-12

Altars:
Ashenzari
Cheibriados
Dithmenos
Elyvilon
Fedhas
Gozag
Hepliaklqana
Kikubaaqudgha
Makhleb
Nemelex Xobeh
Okawaru
Qazlal
Ru
Sif Muna
Trog
Uskayaw
Vehumet
Wu Jian
Xom
Yredelemnul
Zin
The Shining One
Beogh

Shops:
D:7 :

Annotations:
D:4 Natasha
D:10 exclusion: 2 downstairs
Lair:1 Grum


Innate Abilities, Weirdness & Mutations

You cannot wear most types of armour.
You are very stealthy in the water. (Stealth+)
You are amphibious.
You can wear up to eight rings at the same time.
You can use your tentacles to constrict eight enemies at once.
Your skin changes colour to match your surroundings (Stealth+).
Your rubbery body absorbs attacks. (AC +1, EV +1)
You have a beak for a mouth.
You are partially covered in yellow scales. (AC +2)
Your spells are a little harder to cast, but a little more powerful.
You evolve.


Message History

Your experience leads to an increase in your attributes!
Your base attributes are Str 11, Int 16, Dex 14.
Increase (S)trength, (I)ntelligence, or (D)exterity?
You feel clever.
You feel sick.
Grum hits you from afar with a +1 glaive of flaming!
* * * LOW HITPOINT WARNING * * *
Grum burns you.
* * * LOW HITPOINT WARNING * * *
The wolf bites you!
* * * LOW HITPOINT WARNING * * *
The wolf barely misses you.
Unknown command.
The wolf closely misses you. x2
Grum hits you from afar with a +1 glaive of flaming.
* * * LOW HITPOINT WARNING * * *
Grum burns you.
* * * LOW HITPOINT WARNING * * *
The wolf misses you. The wolf bites you!
You die...

................# ##........).
#.##...#.###..######...........
#..#### #................... .
##..# #..÷................
..###...## #...####P#########..
....[....# #....# ### ##..
.........# #.÷.## #...
........######.hh# ##..
...#..........g.@# #..
..###...........†.# #.. ..
#...##.#.#...## #..
#....#######..# #.. ......#
#..# #.. .......# #...# #..
.###...# #..## #.. #... #..#
##.. #...


You could see Grum and 2 wolves.

Vanquished Creatures
  A boulder beetle (D:11)
  2 two-headed ogres (D:9)
  A death yak (D:10)
  Pikel (D:8)
  An orc knight (D:11)
  An elephant (D:10)
  A black mamba (Lair:1)
  A cane toad (Lair:1)
  Psyche (D:8)
  A gargoyle (D:9)
  A komodo dragon (Lair:1)
  2 hornets
  4 blink frogs (Lair:1)
  Eustachio (D:6)
  A wyvern (Lair:1)
  9 yaks
  A wraith (D:10)
  A basilisk (Lair:1)
  Edmund (D:6)
  An acid dragon (D:11)
  4 water moccasins
  2 orc warriors
  3 black bears
  An ice beast (D:6)
  5 sky beasts
  A necrophage (D:10)
  3 ogres
  7 centaurs
  A big kobold (D:7)
  6 bullfrogs
  4 jellies
  A water moccasin zombie (D:7)
  3 scorpions
  3 wights (D:6)
  3 howler monkeys
  3 hounds
  2 orc priests
  5 orc wizards
  2 bullfrog skeletons
  5 iguanas
  11 worker ants
  3 hound skeletons
  A worker ant zombie (D:4)
  8 gnolls
  12 adders
  A shadow imp (D:9)
  A white imp (D:5)
  4 ufetubi
  3 worms
  5 dart slugs
  5 leopard geckos
  32 orcs
  6 bats
  5 giant cockroaches
  7 goblins
  7 hobgoblins
  8 jackals
  9 quokkas
  7 frilled lizards
  14 kobolds
  A quokka skeleton (D:6)
  A quokka zombie (D:5)
  14 rats
262 creatures vanquished.

Vanquished Creatures (others)
  3 fungi (Lair:1)
  2 plants (Lair:1)
5 creatures vanquished.

Grand Total: 267 creatures vanquished

Notes
Turn   | Place    | Note
-------+----------+-------------------------------------------
     0 | D:5      | RaHiT the Octopode Delver began the quest for the Orb.
     0 | D:5      | Reached XP level 1. HP: 16/16 MP: 1/1
    48 | D:5      | Noticed a sky beast
    77 | D:5      | Noticed an orc priest
    99 | D:4      | Found a shadowy altar of Dithmenos.
    99 | D:4      | Noticed a worker ant
   159 | D:4      | Noticed a worker ant
   159 | D:4      | Noticed a worker ant
   269 | D:4      | Noticed Natasha
   321 | D:4      | Noticed a howler monkey
   405 | D:4      | Noticed a howler monkey
   431 | D:4      | Killed a howler monkey
   431 | D:4      | Reached skill level 7 in Stealth
   431 | D:4      | Reached XP level 2. HP: 11/21 MP: 2/2
   431 | D:4      | Reached XP level 3. HP: 14/26 MP: 3/3
   635 | D:4      | Found a staircase to the Ecumenical Temple.
   647 | Temple   | Entered the Ecumenical Temple
  1231 | D:1      | Reached XP level 4. HP: 23/31 MP: 4/4
  2759 | D:2      | Reached XP level 5. HP: 25/36 MP: 5/5
  3013 | D:2      | Reached skill level 5 in Unarmed Combat
  4348 | D:3      | Reached XP level 6. HP: 20/42 MP: 6/6
  5630 | D:4      | Reached skill level 1 in Spellcasting
  5646 | D:4      | Reached skill level 1 in Throwing
  5940 | D:4      | Reached XP level 7. HP: 46/46 MP: 8/8
  6205 | D:5      | Reached skill level 1 in Evocations
  6661 | D:5      | Found an opulent altar of Gozag.
  6722 | D:5      | Found a sacrificial altar of Ru.
  6903 | D:5      | Learned a level 1 spell: Animate Skeleton
  6931 | D:5      | Found a blossoming altar of Fedhas.
  6932 | D:5      | Found an ancient bone altar of Kikubaaqudgha.
  7225 | D:5      | Reached skill level 5 in Evocations
  7225 | D:5      | Reached XP level 8. HP: 38/52 MP: 9/9
  7410 | D:5      | Got a fine hand axe
  8164 | D:6      | Noticed Eustachio
  8302 | D:6      | Reached skill level 5 in Dodging
  8362 | D:6      | Reached skill level 5 in Fighting
  8402 | D:6      | Noticed Edmund
  8414 | D:6      | Killed Edmund
  8590 | D:6      | Reached XP level 9. HP: 54/61 MP: 10/10
  8627 | D:6      | Reached skill level 5 in Throwing
  8707 | D:6      | Gained mutation: Your spells are a little harder to cast,
                  | but a little more powerful. [potion of mutation]
  8707 | D:6      | Gained mutation: You are partially covered in yellow
                  | scales. (AC +2) [potion of mutation]
  8707 | D:6      | Gained mutation: You are agile. (Dex +2) [potion of
                  | mutation]
  8707 | D:6      | Gained mutation: You evolve. [potion of mutation]
  8856 | D:6      | Found a stormy altar of Qazlal.
  8858 | D:6      | Found a glowing golden altar of the Shining One.
  8864 | D:6      | Found a hide-covered altar of Uskayaw.
  8870 | D:6      | Found a radiant altar of Vehumet.
  9240 | D:7      | Found Muixixud's Book Shoppe.
  9869 | D:8      | Gained mutation: You have a beak for a mouth. [evolution]
  9902 | D:8      | Noticed Psyche
  9913 | D:8      | Killed Psyche
  9973 | D:8      | Found a broken altar of Ashenzari.
  9974 | D:8      | Found a sacrificial altar of Ru.
  9974 | D:8      | Found a snail-covered altar of Cheibriados.
  9975 | D:8      | Found a shimmering altar of Xom.
  9985 | D:8      | Became a worshipper of Cheibriados the Contemplative
 10271 | D:8      | Noticed Pikel
 10286 | D:8      | Killed Pikel
 10286 | D:8      | Reached XP level 10. HP: 66/71 MP: 11/11
 10491 | D:6      | Killed Eustachio
 10491 | D:6      | Reached * piety under Cheibriados
 10683 | D:9      | Reached skill level 8 in Stealth
 10825 | D:9      | Noticed a two-headed ogre
 10917 | D:9      | You fall into a shaft and drop 2 floors!
 10953 | D:11     | Reached skill level 9 in Stealth
 11135 | D:10     | Entered Level 10 of the Dungeon
 11137 | D:10     | Noticed a gargoyle
 11149 | D:9      | Killed a gargoyle
 11352 | D:9      | Noticed a two-headed ogre
 11363 | D:9      | Killed a two-headed ogre
 11363 | D:9      | Reached skill level 10 in Stealth
 11572 | D:9      | Learned a level 1 spell: Apportation
 11750 | D:10     | Reached ** piety under Cheibriados
 11845 | D:10     | Reached skill level 5 in Invocations
 11846 | D:10     | Found a staircase to the Lair.
 11846 | D:10     | Noticed an elephant
 11846 | D:10     | Noticed a death yak
 11871 | D:10     | Killed a death yak
 11871 | D:10     | Reached XP level 11. HP: 28/75 MP: 15/15
 12369 | D:10     | Found a blossoming altar of Fedhas.
 12745 | D:9      | Killed a two-headed ogre
 13001 | D:11     | Noticed an eight-headed hydra
 13001 | D:11     | Noticed a cyclops
 13117 | D:11     | Found a roughly hewn altar of Beogh.
 13117 | D:11     | Noticed an orc knight
 13124 | D:11     | Killed an orc knight
 13201 | D:11     | Noticed a purple ugly thing
 13223 | D:11     | Noticed a boulder beetle
 13231 | D:11     | Killed a boulder beetle
 13292 | D:11     | Noticed a brown ugly thing
 13292 | D:11     | Noticed a boulder beetle
 13307 | D:11     | HP: 2/75 [boulder beetle (31)]
 13666 | Lair:1   | Entered Level 1 of the Lair of Beasts
 13862 | Lair:1   | Lost mutation: You are agile. (Dex +2) [evolution]
 14370 | Lair:1   | Noticed Grum
 14375 | Lair:1   | Reached *** piety under Cheibriados
 14375 | Lair:1   | Reached XP level 12. HP: 31/82 MP: 18/18
 14376 | Lair:1   | Slain by a wolf

Illustrated notes

Levels and vault maps discovered:
D:1:      sevenhm_arrival_forest_fort_small_3, layout_basic,
          minmay_misc_feat_iff, minmay_vboxes
D:2:      layout_loops_corners, minmay_pentomino_v4
D:3:      layout_loops_corners
D:4:      layout_basic, temple_fountains, nicolae_dithmenos_the_darkroom,
          uniq_natasha
D:5:      layout_gridville, grunt_temple_overflow_growth_and_decay,
          grunt_gozag_breadcrumbs, basic_altar
D:6:      layout_basic, minitemple, kennysheep_generic_room_16, uniq_edmund,
          uniq_eustachio
D:7:      layout_loops_ring, serial_shops, shop
D:8:      layout_cave_pools, chequers_temple_overflow_statue_of_worship,
          uniq_pikel, uniq_psyche
D:9:      layout_roguey
D:10:     layout_gridville, david_lair_generic, basic_altar, hangedman_fish_farm
D:11:     layout_long_grid, david_orc_1_choice, special_room [special_room_orc],
          serial_shops, nicolae_shop_statue_plus
Temple:   minmay_temple_curvy_loop
Lair:1:   layout_small_grid, lemuel_fruit_fields, uniq_grum

Skill      XL: |  1  2  3  4  5  6  7  8  9 10 11 |
---------------+----------------------------------+-----
Stealth        | 7 10 | 10.0
Unarmed Combat | 3 4 6 7 8 |  8.0
Dodging        | 3 5 7 8 |  8.0
Spellcasting   | 1 2 |  2.0
Throwing       | 2 3 4 6 7 8 |  8.0
Evocations     | 5 |  5.0
Fighting       | 5 7 8 |  8.0
Invocations    | 6 9 |  9.0

Action                   |  1- 3 |  4- 6 |  7- 9 | 10-12 || total
-------------------------+-------+-------+-------+-------++-------
Melee: Unarmed           |    35 |   187 |   155 |   145 ||   522
       Constrict         |     8 |    56 |    32 |    26 ||   122
       Tentacles         |     7 |    41 |    31 |    57 ||   136
       Punch             |       |     4 |    11 |    16 ||    31
       Peck              |       |       |     7 |    64 ||    71
Throw: Stone             |     6 |       |    52 |    47 ||   105
       Dart              |       |    59 |   103 |    67 ||   229
       Javelin           |       |       |     7 |    18 ||    25
       Throwing net      |       |       |     1 |       ||     1
 Cast: Animate Skeleton  |       |       |     1 |       ||     1
       Apportation       |       |       |       |    14 ||    14
Evoke: Wand              |     1 |       |     2 |     5 ||     8
  Use: Scroll            |     1 |     8 |     3 |     5 ||    17
       Potion            |     1 |       |     1 |     5 ||     7
 Stab: Sleeping          |     1 |    28 |    13 |     7 ||    49
       Paralysed         |       |       |       |     8 ||     8
       Invisible         |       |       |       |     1 ||     1
Armor: Skin              |     4 |    12 |     2 |     4 ||    22
Dodge: Dodged            |    16 |    75 |    78 |    94 ||   263

Table legend: (Time is in decaauts)
 A = Elapsed time spent in this place.
 B = Non-inter-level travel time spent in this place.
 C = Inter-level travel time spent in this place.
 D = Time resting spent in this place.
 E = Time spent auto-exploring this place.
 F = Levels seen in this place.
 G = Mean time per level.
                   A        B        C        D        E       F      G
               +--------+--------+--------+--------+--------+-----+--------+
         Total |  15257 |  14413 |    844 |   4475 |   1871 |  13 | 1173.6 |
       Dungeon |  14489 |  13667 |    822 |   4475 |   1651 |  11 | 1317.2 |
        Temple |    243 |    221 |     22 |      0 |    220 |   1 |  243.0 |
          Lair |    523 |    523 |      0 |      0 |      0 |   1 |  523.0 |
               +--------+--------+--------+--------+--------+-----+--------+

Top non-repeatable levels by time:
    D:10: 2149 daAuts
     D:3: 1572 daAuts
     D:2: 1546 daAuts
     D:1: 1518 daAuts
     D:4: 1475 daAuts
     D:6: 1354 daAuts
     D:9: 1312 daAuts
     D:5: 1309 daAuts
     D:8: 939 daAuts
     D:7: 695 daAuts
    D:11: 616 daAuts
  Lair:1: 523 daAuts
  Temple: 243 daAuts
